 Dungeon Crawl Stone Soup version 0.26-a0-540-g8a0c9464d7 (webtiles) character file.

Game seed: 11872798554807381265

7 vurker the Sneak (level 2, -9/24 HPs)
             Began as a Formicid Delver on Aug 25, 2020.
             Mangled by Sigmund
             ... wielding a +0 scythe
              (15 damage)
             ... on level 4 of the Dungeon.
             The game lasted 00:02:00 (374 turns).

vurker the Sneak (Formicid Delver)                   Turns: 374, Time: 00:02:00

Health: -9/24      AC:  5    Str: 16    XL:     2   Next: 5%
Magic:  2/2        EV: 11    Int:  9    God:
Gold:   23         SH:  0    Dex: 12    Spells: 1/1 levels left

rFire    . . .     SeeInvis +   a - +0 hand axe
rCold    . . .     Faith    .   (no shield)
rNeg     . . .     Spirit   .   h - +0 ring mail
rPois    .         Reflect  .   (helmet unavailable)
rElec    .         Harm     .   (no cloak)
rCorr    .                      (no gloves)
MR       .....                  (no boots)
Stlth    ++........             (no amulet)
HPRegen  0.08/turn              g - ring of flight
MPRegen  0.08/turn              (no ring)

@: no status effects
A: permanent stasis, dig shafts and tunnels, four strong arms, antennae 3
a: Dig, Shaft Self, Evoke Flight


You were on level 4 of the Dungeon.
You visited 2 branches of the dungeon, and saw 4 of its levels.

You collected 23 gold pieces.

Inventory:

Hand Weapons
 a - a +0 hand axe (weapon)
Armour
 h - a +0 ring mail (worn)
   (You found it on level 4 of the Dungeon)
Jewellery
 g - a ring of flight (left hand)
   (You found it on level 5 of the Dungeon)
Wands
 v - a wand of digging (3)
Scrolls
 c - a scroll of fog
 d - a scroll of magic mapping
 e - a scroll of fear
 f - a scroll of enchant armour {unknown}


   Skills:
 + Level 3.4 Fighting
 * Level 2.4 Axes
 - Level 1.7 Dodging
 - Level 6.0 Stealth


You had one spell level left.
You didn't know any spells.
Your spell library was empty.

Dungeon Overview and Level Annotations

Branches:
Dungeon (6/15)             Temple (1/1) D:5

Altars:
Cheibriados
Dithmenos
Gozag
Hepliaklqana
Kikubaaqudgha
Okawaru
Ru
Trog
Uskayaw
Vehumet
Zin
The Shining One

Annotations:
D:4 1 transporter, Sigmund; vurker's ghost, weakling FoDe


Innate Abilities, Weirdness & Mutations

You cannot be hasted, slowed, berserked, paralysed or teleported.
You can dig through walls and to a lower floor.
Your four strong arms can wield two-handed weapons with a shield.
You have a pair of large antennae on your head. (SInv)


Message History

The jackal bites you but does no damage.
You hit the jackal.
You kill the jackal!
You see here a jackal corpse.
The jackal barely misses you.
You hit the jackal. The jackal closely misses you. The jackal misses you.
You closely miss the jackal.
The jackal stops to sniff the ground.
The jackal misses you.
You hit the jackal. The jackal closely misses you.
The jackal bites you but does no damage.
You completely miss the jackal.
The jackal bites you but does no damage.
The jackal barely misses you.
You hit the jackal.
You kill the jackal!
You have reached level 2!
You see here a jackal corpse.
There is a stone staircase leading up here.
You climb upwards.
There is a stone staircase leading down here.
You sense a monster nearby.
Found 5 gold pieces.
Vurker's ghost turns its malevolent gaze towards you.
Found a glowing hunting sling and a ring of dexterity.
The quasit gives a chilling moan.
You hear a chilling moan.
Found a leather armour.
You sense a monster nearby.
Found 11 gold pieces.
You sense a monster nearby.
Sigmund the Dreaded comes into view.
He is wielding a +0 scythe.
Sigmund shouts!
Sigmund hits you with a +0 scythe.
You completely miss Sigmund. Sigmund gestures at you while chanting.
The puff of flame hits you!
You barely miss Sigmund. Sigmund barely misses you.
Unknown command.
You hit Sigmund but do no damage. Sigmund casts a spell at you.
You resist with significant effort.
You hit Sigmund. Sigmund hits you but does no damage.
You hit Sigmund. You closely miss Sigmund. Sigmund hits you with a +0 scythe!
* * * LOW HITPOINT WARNING * * *
You hit Sigmund. Sigmund closely misses you.
You hit Sigmund but do no damage. Sigmund hits you but does no damage.
You closely miss Sigmund. Sigmund hits you with a +0 scythe!
Ouch! That really hurt!
You die...

### #.#
#######.##########
#..@@.#...........
#.###.#.##########
#.# #.#........# #.#
#.#.######.#
#.###.########.#
#............#'##
#......##.......# .{
#......##.......#
..#####
#####......##......[#


You could see Sigmund.

Vanquished Creatures
  An orc (D:5)
  2 jackals (D:5)
  A quokka (D:5)
  A jackal skeleton (D:6)
5 creatures vanquished.

Notes
Turn   | Place    | Note
-------+----------+-------------------------------------------
     0 | D:5      | vurker the Formicid Delver began the quest for the Orb.
     0 | D:5      | Reached XP level 1. HP: 18/18 MP: 1/1
     0 | D:5      | Found a staircase to the Ecumenical Temple.
     8 | Temple   | Entered the Ecumenical Temple
   135 | D:5      | Noticed an orc wizard
   177 | D:4      | Noticed a quasit
   310 | D:5      | Reached XP level 2. HP: 22/24 MP: 2/2
   334 | D:4      | Found a transporter.
   338 | D:4      | Noticed vurker's ghost (weakling FoDe)
   339 | D:4      | Noticed a quasit
   364 | D:4      | Noticed Sigmund
   374 | D:4      | Mangled by Sigmund

Illustrated notes

Levels and vault maps discovered:
D:4:      kennysheep_six_static_rooms, layout_basic, gammafunk_ghost_stat_death,
          uniq_edmund, uniq_sigmund
D:5:      layout_loops_ring, grunt_temple_overflow_forces_of_nature, minitemple,
          led_sif_pool, minmay_temple_entry_from_below_a, serial_bayou,
          serial_bayou_lagoon_b, serial_bayou_pond_b, serial_bayou_ford_a,
          serial_bayou_pond_d, serial_bayou_pond_c,
          nicolae_gozag_zags_fifth_avenue
D:6:      layout_basic, grunt_temple_overflow_diamond, grunt_decor_fettered,
          minmay_checkerbox
Temple:   nicolae_temple_hex_pool

Action                   || total
-------------------------++-------
Melee: Hand axe          ||    29
 Stab: Sleeping          ||     2
Armor: Ring mail         ||     5
       Leather armour    ||     1
Dodge: Dodged            ||    20

Table legend: (Time is in decaauts)
 A = Elapsed time spent in this place.
 B = Non-inter-level travel time spent in this place.
 C = Inter-level travel time spent in this place.
 D = Time resting spent in this place.
 E = Time spent auto-exploring this place.
 F = Levels seen in this place.
 G = Mean time per level.
                   A        B        C        D        E       F      G
               +--------+--------+--------+--------+--------+-----+--------+
         Total |    382 |    321 |     61 |      0 |    138 |   4 |   95.5 |
       Dungeon |    292 |    239 |     53 |      0 |     63 |   3 |   97.3 |
        Temple |     90 |     82 |      8 |      0 |     75 |   1 |   90.0 |
               +--------+--------+--------+--------+--------+-----+--------+

Top non-repeatable levels by time:
     D:4: 141 daAuts
     D:5: 119 daAuts
  Temple: 90 daAuts
     D:6: 31 daAuts
